[Event "December 5 Late 2023"]
[Site "https://www.chess.com"]
[Date "2023.12.05"]
[Round "11"]
[White "Bijaoui, Manuel"]
[Black "youngdinousaur"]
[Result "1-0"]
[Board "78"]
[TimeControl "180+1"]
[WhiteFideId "626783"]
[WhiteElo "2536"]
[BlackElo "2328"]
[WhiteTeam "FRA"]
[WhiteClock "0:01:48"]
[BlackClock "0:00:33"]

1. e4 c5 2. Nf3 e6 3. d4 cxd4 4. Nxd4 Nf6 5. Nc3 Nc6 6. g3 d5 7. exd5 Nxd5 8. Bg2 Bb4 9. O-O O-O 10. Nxd5 exd5 11. Bf4 Bc5 12. Nb3 Bb6 13. Qxd5 Qxd5 14. Bxd5 Rd8 15. Bg2 Bf5 16. c3 Rd7 17. Rad1 Rad8 18. Rxd7 Rxd7 19. Re1 Kf8 20. h3 f6 21. g4 Bc2 22. Be3 Bxe3 23. Rxe3 Bxb3 24. axb3 Rd2 25. b4 Rxb2 26. Re6 Nd8 27. Rd6 Ke7 28. Rd3 Rc2 29. Be4 Rc1+ 30. Kg2 g6 31. Bd5 Re1 32. b5 b6 33. c4 Ne6 34. Ra3 Nf4+ 35. Kf3 Nxd5 36. Rxa7+ Kd6 37. cxd5 Kxd5 38. Rxh7 Kc5 39. Rh6 Kxb5 40. Rxg6 Re6 41. h4 Kc4 42. h5 b5 43. h6 Re8 44. Rxf6 b4 45. g5 b3 46. Rb6 Re5 47. Kf4 Rb5 48. Rxb5 Kxb5 49. h7 b2 50. h8=Q b1=Q 51. Qb8+ 1-0

[Event "December 5 Late 2023"]
[Site "https://www.chess.com"]
[Date "2023.12.05"]
[Round "11"]
[White "Skibbe, Willi"]
[Black "NovakRatko"]
[Result "1/2-1/2"]
[Board "79"]
[TimeControl "180+1"]
[WhiteFideId "4682190"]
[WhiteElo "2317"]
[BlackElo "2457"]
[WhiteTeam "GER"]
[WhiteClock "0:01:26"]
[BlackClock "0:02:05"]

1. e4 d5 2. exd5 c6 3. dxc6 Nxc6 4. Nf3 e5 5. Be2 e4 6. Ng1 f5 7. d3 Qb6 8. dxe4 fxe4 9. Nc3 Nf6 10. Nd5 Qa5+ 11. Nc3 Bf5 12. Be3 Bb4 13. Qd2 Rd8 14. Qc1 Nd5 15. Bd2 Nxc3 16. bxc3 Bxc3 17. Bxc3 Qxc3+ 18. Kf1 O-O 19. g4 Bg6 20. Kg2 e3 21. Qxe3 Qxa1 22. Nf3 Qb1 23. Rxb1 Bxc2 24. Rxb7 1/2-1/2

[Event "December 5 Late 2023"]
[Site "https://www.chess.com"]
[Date "2023.12.05"]
[Round "11"]
[White "Topalov, Aleksandar"]
[Black "Weisz, Bryan"]
[Result "1-0"]
[Board "80"]
[TimeControl "180+1"]
[WhiteFideId "925659"]
[BlackFideId "30934133"]
[WhiteElo "2440"]
[BlackElo "2298"]
[WhiteTeam "SRB"]
[BlackTeam "USA"]
[WhiteClock "0:00:48"]
[BlackClock "0:00:03"]

1. b3 Nf6 2. Bb2 c5 3. Nf3 Nc6 4. c4 d5 5. cxd5 Nxd5 6. a3 Bf5 7. e3 Nf6 8. d3 e6 9. Qc2 Be7 10. Nbd2 O-O 11. Be2 Rc8 12. O-O h6 13. Rfd1 Qc7 14. Rac1 Rfd8 15. Nc4 Qb8 16. h3 Nd7 17. Qb1 Bh7 18. Ba1 b6 19. Bc3 Nf8 20. b4 cxb4 21. axb4 Rd7 22. b5 Nd8 23. Nfe5 Rdc7 24. Bf3 Bf6 25. Nc6 Nxc6 26. Bxc6 Bxc3 27. Rxc3 Rd8 28. Qb4 Ng6 29. d4 Ne7 30. Ne5 Qc8 31. Rdc1 f6 32. Bf3 Rxc3 33. Rxc3 Qb8 34. Qxe7 fxe5 35. Rc7 Qxc7 36. Qxc7 1-0

[Event "December 5 Late 2023"]
[Site "https://www.chess.com"]
[Date "2023.12.05"]
[Round "11"]
[White "Skaric, Djuro"]
[Black "Paragua, Megan Althea"]
[Result "1/2-1/2"]
[Board "81"]
[TimeControl "180+1"]
[WhiteFideId "934569"]
[BlackFideId "30973007"]
[WhiteElo "2394"]
[BlackElo "2298"]
[WhiteTeam "SRB"]
[BlackTeam "USA"]
[WhiteClock "0:00:27"]
[BlackClock "0:00:11"]

1. g3 Nf6 2. Bg2 e6 3. d3 d5 4. Nf3 Be7 5. O-O O-O 6. h3 b6 7. Nc3 Bb7 8. e4 dxe4 9. Ng5 Nbd7 10. Ngxe4 Nxe4 11. dxe4 Nf6 12. f4 c5 13. Be3 a6 14. Rf2 Qxd1+ 15. Rxd1 Rfd8 16. Rfd2 Rxd2 17. Rxd2 Rd8 18. Rxd8+ Bxd8 19. e5 Bxg2 20. Kxg2 Nd5 21. Nxd5 exd5 22. f5 Kf8 23. Kf3 Bc7 24. Bf4 Ke8 25. h4 Bd8 26. h5 h6 27. a4 b5 28. axb5 axb5 29. Be3 d4 30. Bf4 Kd7 31. Ke4 Kc6 32. f6 gxf6 33. Bxh6 fxe5 34. Kxe5 Bc7+ 35. Kf5 c4 36. Bd2 Kd5 37. h6 Be5 38. Bg5 d3 39. cxd3 cxd3 40. b3 Bd4 41. g4 Bc3 42. h7 Bg7 43. Bd2 Be5 44. g5 Bg7 45. g6 fxg6+ 46. Kxg6 Bd4 47. Bh6 Bh8 48. Bd2 Ke4 49. Bh6 Kf3 50. Bg7 d2 51. Bxh8 d1=Q 52. Bf6 Qd3+ 53. Kg7 Qd7+ 54. Kh6 Qh3+ 55. Kg7 Qg4+ 56. Kf8 Qc8+ 57. Kg7 Qd7+ 58. Kg6 Qe8+ 59. Kh6 Qf8+ 60. Kg5 Qc5+ 61. Kh4 Qb4+ 62. Kh5 Qc5+ 63. Kh6 Qf8+ 64. Kg6 Qe8+ 65. Kg7 Qd7+ 1/2-1/2

[Event "December 5 Late 2023"]
[Site "https://www.chess.com"]
[Date "2023.12.05"]
[Round "11"]
[White "Biliy, Vadim"]
[Black "Mickiewicz, Piotr"]
[Result "0-1"]
[Board "82"]
[TimeControl "180+1"]
[WhiteFideId "14114127"]
[BlackFideId "1114891"]
[WhiteElo "2297"]
[BlackElo "2383"]
[WhiteTeam "UKR"]
[BlackTeam "POL"]
[WhiteClock "0:00:11"]
[BlackClock "0:00:09"]

1. d4 d5 2. Nf3 Nf6 3. e3 c5 4. c4 cxd4 5. Nxd4 e5 6. Nc2 Nc6 7. cxd5 Qxd5 8. Nc3 Qxd1+ 9. Nxd1 Bf5 10. Na3 O-O-O 11. f3 e4 12. Nc4 exf3 13. gxf3 Bb4+ 14. Bd2 Bxd2+ 15. Nxd2 Rhe8 16. Rc1 Kb8 17. Rc3 Nb4 18. Bc4 Nfd5 19. Bxd5 Rxd5 20. e4 Nxa2 21. Re3 Rxd2 22. Kxd2 Be6 23. Nc3 Nb4 24. Ke2 Nc2 25. Rg1 g6 26. Kf2 Nxe3 27. Kxe3 Kc7 28. Ra1 Kb6 29. Kf4 a6 30. Kg5 Rd8 31. Re1 Rd2 32. Re2 Rxe2 33. Nxe2 Kc5 34. Kh6 a5 35. Kxh7 b5 36. Nf4 b4 37. Nxe6+ fxe6 38. Kxg6 a4 39. h4 a3 40. bxa3 bxa3 41. h5 a2 42. h6 a1=Q 43. h7 Qh8 44. Kf7 e5 45. Ke6 Kd4 46. Kf5 Ke3 47. Kg6 Kxf3 48. Kf5 Ke3 49. Kg6 Kxe4 50. Kh6 Qf6+ 51. Kh5 Kf4 52. h8=Q Qg5# 0-1

[Event "December 5 Late 2023"]
[Site "https://www.chess.com"]
[Date "2023.12.05"]
[Round "11"]
[White "Al-Saffar, Araz Basim Mohammed S"]
[Black "Korol, Dimitry"]
[Result "0-1"]
[Board "83"]
[TimeControl "180+1"]
[WhiteFideId "4801040"]
[BlackFideId "14108003"]
[WhiteElo "2376"]
[BlackElo "2292"]
[WhiteTeam "IRQ"]
[BlackTeam "UKR"]
[WhiteClock "0:02:07"]
[BlackClock "0:02:30"]

1. d4 Nf6 2. c4 c5 3. d5 b5 4. Nf3 bxc4 5. Qc2 d6 6. e4 g6 7. Na3 Bg7 8. Nxc4 O-O 9. Be2 Nbd7 10. O-O Nb6 11. Bd2 e6 12. dxe6 Bxe6 13. Rfd1 d5 14. exd5 Nfxd5 15. Ba5 Qf6 16. Bc3 Nxc3 0-1

[Event "December 5 Late 2023"]
[Site "https://www.chess.com"]
[Date "2023.12.05"]
[Round "11"]
[White "Marcziter, Dmitrii"]
[Black "Kujawski, Adam"]
[Result "1-0"]
[Board "84"]
[TimeControl "180+1"]
[WhiteFideId "13900765"]
[BlackFideId "1100920"]
[WhiteElo "2375"]
[BlackElo "2285"]
[WhiteTeam "GER"]
[BlackTeam "POL"]
[WhiteClock "0:01:12"]
[BlackClock "0:00:03"]

1. d4 d5 2. c4 e6 3. Nc3 Nf6 4. Bg5 Be7 5. e3 Nbd7 6. cxd5 exd5 7. Qc2 c6 8. Bd3 O-O 9. Nge2 Re8 10. O-O Nf8 11. Rae1 g6 12. Bh4 Ne4 13. Bxe7 Qxe7 14. f3 Nxc3 15. Nxc3 Ne6 16. Qf2 Qf6 17. Bc2 Bd7 18. Rd1 Rad8 19. e4 Nf4 20. e5 Qg5 21. Kh1 f6 22. Rfe1 fxe5 23. dxe5 Rxe5 24. Rxe5 Qxe5 25. Qxa7 Re8 26. Qf2 Qe3 27. Qxe3 Rxe3 28. Kg1 Re8 29. Kf2 Bc8 30. g3 Ne6 31. Re1 Kf8 32. f4 Re7 33. Na4 Nd4 34. Rxe7 Kxe7 35. Bd3 Bf5 36. Bxf5 gxf5 37. Ke3 Nb5 38. Nc5 b6 39. Nd3 Kd6 40. Ne5 c5 41. Nf7+ Kc6 42. Ng5 d4+ 43. Kd3 Kd5 44. b3 Nc3 45. a4 Nd1 46. Nxh7 Nb2+ 47. Kc2 Nxa4 48. bxa4 c4 49. Ng5 Kc5 50. h4 Kb4 51. h5 d3+ 52. Kd2 Kb3 53. Nf3 c3+ 54. Kxd3 c2 55. Nd4+ 1-0

[Event "December 5 Late 2023"]
[Site "https://www.chess.com"]
[Date "2023.12.05"]
[Round "11"]
[White "Buenafe Moya, Javier"]
[Black "Chlpik, Martin"]
[Result "1-0"]
[Board "85"]
[TimeControl "180+1"]
[WhiteFideId "2206412"]
[BlackFideId "14923351"]
[WhiteElo "2369"]
[BlackElo "2265"]
[WhiteTeam "ESP"]
[BlackTeam "SVK"]
[WhiteClock "0:01:33"]
[BlackClock "0:01:10"]

1. c4 Nc6 2. Nf3 e5 3. Nc3 Bc5 4. e4 Nf6 5. Nxe5 Nxe5 6. d4 Bxd4 7. Qxd4 Nc6 8. Qd3 O-O 9. Bg5 h6 10. Bh4 Ne5 11. Qd4 Re8 12. O-O-O c6 13. h3 Re6 14. f4 c5 15. Qxc5 Ng6 16. f5 Rc6 17. Bxf6 Qxf6 18. Qd4 Ne5 19. Nd5 Qg5+ 20. Kb1 d6 21. h4 Qd8 22. Be2 Bd7 23. g4 Rac8 24. Rc1 b5 25. cxb5 Rxc1+ 26. Rxc1 Rxc1+ 27. Kxc1 Qxh4 28. Qxa7 Qe1+ 29. Bd1 Qxe4 30. Qa8+ 1-0

[Event "December 5 Late 2023"]
[Site "https://www.chess.com"]
[Date "2023.12.05"]
[Round "11"]
[White "De Souza, Cristiano Gomes"]
[Black "Figorito, Nick"]
[Result "0-1"]
[Board "86"]
[TimeControl "180+1"]
[WhiteFideId "2151758"]
[BlackFideId "30923689"]
[WhiteElo "2240"]
[BlackElo "2367"]
[WhiteTeam "BRA"]
[BlackTeam "USA"]
[WhiteClock "0:00:32"]
[BlackClock "0:00:17"]

1. d4 Nf6 2. c4 g6 3. Nf3 Bg7 4. Nc3 d5 5. Bf4 O-O 6. e3 c5 7. dxc5 Qa5 8. Rc1 dxc4 9. Bxc4 Qxc5 10. Nb5 Qb4+ 11. Kf1 Na6 12. a3 Qa5 13. Nc7 Nxc7 14. Bxc7 Qh5 15. Be2 Bg4 16. h3 Rac8 17. Kg1 Bd7 18. Ne5 Qf5 19. g4 Qe4 20. Bf3 Qa4 21. b3 Qxa3 22. Bxb7 Be6 23. Bxc8 Rxc8 24. Kg2 Bxb3 25. Qd3 Bd5+ 26. f3 Qxd3 27. Nxd3 Ne8 28. Ba5 Ra8 29. e4 Bb7 30. Nc5 Bc6 31. Rhd1 Bb5 32. Bc3 Nd6 33. Bxg7 Kxg7 34. e5 Nc4 35. Ne4 Ne3+ 36. Kf2 Nxd1+ 37. Rxd1 a5 38. Ra1 a4 39. Nc3 Bd7 40. f4 a3 41. Ke3 Be6 42. Kd4 a2 43. Ke4 Rc8 44. Kd3 Rd8+ 45. Ke3 Rb8 46. Ke4 Rb2 47. f5 Bb3 48. Kd4 Rh2 49. fxg6 hxg6 50. Kc5 Rxh3 51. Kb4 Be6 52. Nxa2 Bxa2 53. Rxa2 Rg3 54. Kc5 Rxg4 55. Kd5 Rf4 56. Ra7 e6+ 57. Kd6 g5 58. Ra3 g4 59. Rg3 Kg6 60. Ke7 Kf5 61. Kxf7 Kxe5+ 62. Kg6 Ke4 63. Kh5 e5 64. Rxg4 Rxg4 65. Kxg4 Ke3 66. Kg3 e4 67. Kg2 Kd2 68. Kf1 e3 69. Kg2 e2 70. Kf3 e1=Q 71. Kf4 Qe2 72. Kf5 Qe3 73. Kf6 Qe4 74. Kg5 Qf3 75. Kg6 Qf4 76. Kh5 Qg3 77. Kh6 Kd3 78. Kh7 Kd4 79. Kh6 Kd5 80. Kh5 Ke6 81. Kh6 Kf6 0-1

[Event "December 5 Late 2023"]
[Site "https://www.chess.com"]
[Date "2023.12.05"]
[Round "11"]
[White "Clawitter, Craig"]
[Black "Akhayan, Ruben"]
[Result "1-0"]
[Board "87"]
[TimeControl "180+1"]
[WhiteFideId "2023105"]
[BlackFideId "204439"]
[WhiteElo "2231"]
[BlackElo "2366"]
[WhiteTeam "USA"]
[BlackTeam "BEL"]
[WhiteClock "0:00:02"]
[BlackClock "0:00:12"]

1. e4 e5 2. Nf3 Nc6 3. Bb5 a6 4. Ba4 Nf6 5. O-O Be7 6. d3 b5 7. Bb3 O-O 8. Nc3 Bb7 9. a4 b4 10. Nd5 d6 11. a5 Nd4 12. Nxd4 exd4 13. Nxb4 c6 14. Ba4 Rc8 15. Bd2 c5 16. Na2 Nd7 17. Bb3 Ne5 18. f4 Nc6 19. Nc1 Kh8 20. f5 Ne5 21. Ne2 Bg5 22. Nf4 Bxf4 23. Bxf4 f6 24. Be6 Rc7 25. Qh5 Qe8 26. Qh4 Bc8 27. Bxe5 dxe5 28. Bc4 g5 29. fxg6 Qxg6 30. Rf3 f5 31. Rg3 Qd6 32. Rf1 f4 33. Rg5 Be6 34. Qh6 Re8 35. Bxe6 Qxe6 36. Qh5 Rg7 37. Rxg7 Kxg7 38. g3 Rf8 39. Qg5+ Qg6 40. gxf4 exf4 41. Qxg6+ Kxg6 42. Kg2 Kg5 43. Kf3 Rb8 44. Rg1+ Kf6 45. b3 c4 46. dxc4 Rd8 47. Kxf4 d3 48. cxd3 Rxd3 49. Rg3 Rd2 50. Re3 Rf2+ 51. Kg3 Rf1 52. e5+ Ke6 53. c5 Rg1+ 54. Kf2 Rc1 55. b4 Rc2+ 56. Kg3 Rc4 57. Rb3 Rc1 58. b5 Rg1+ 59. Kf2 Rg7 60. b6 Rf7+ 61. Ke3 Kxe5 62. c6 Kd6 63. c7 Re7+ 64. Kd4 Kc6 65. Rc3+ Kb7 66. c8=Q# 1-0

[Event "December 5 Late 2023"]
[Site "https://www.chess.com"]
[Date "2023.12.05"]
[Round "11"]
[White "Mesa Cruz, Juan Carlos"]
[Black "Vanek, Tomas"]
[Result "0-1"]
[Board "88"]
[TimeControl "180+1"]
[WhiteFideId "6423400"]
[BlackFideId "313459"]
[WhiteElo "2366"]
[BlackElo "2198"]
[WhiteTeam "DOM"]
[BlackTeam "CZE"]
[WhiteClock "0:00:04"]
[BlackClock "0:00:18"]

1. e4 c5 2. Nf3 Nc6 3. Bb5 Nf6 4. e5 Ng4 5. Qe2 Qc7 6. Bxc6 dxc6 7. d3 g6 8. Bf4 h5 9. a4 Be6 10. Nbd2 Nh6 11. Ng5 O-O-O 12. Nxe6 fxe6 13. Ne4 Nf5 14. Nxc5 Nd4 15. Qd2 b6 16. Ne4 h4 17. h3 Rh5 18. a5 b5 19. O-O Bg7 20. Nc5 Bxe5 21. Bxe5 Rxe5 22. Ne4 Rxe4 23. Rae1 Rxe1 24. Rxe1 Qd6 25. c3 Nf5 26. d4 e5 27. Qg5 exd4 28. cxd4 Qf6 29. Qf4 Rxd4 30. Qf3 Qd6 31. Rc1 Kb7 32. Qe2 Rd2 33. a6+ Kb6 34. Qg4 Rd4 35. Qg5 Rd1+ 36. Rxd1 Qxd1+ 37. Kh2 Qd6+ 38. Kg1 Kxa6 39. Qc1 Kb6 40. Qa1 a5 41. Qe1 Qc5 42. Qe6 Nd4 43. Qe4 Nb3 44. g4 Nd2 45. Qxg6 Qc1+ 46. Kg2 Qf1+ 47. Kh2 Qxf2+ 48. Kh1 Qf1+ 49. Kh2 Nf3# 0-1

[Event "December 5 Late 2023"]
[Site "https://www.chess.com"]
[Date "2023.12.05"]
[Round "11"]
[White "Fernandez Bustamante, Leancy B."]
[Black "Ghosh, Chanchal Kumer"]
[Result "1-0"]
[Board "89"]
[TimeControl "180+1"]
[WhiteFideId "3523870"]
[BlackFideId "10201858"]
[WhiteElo "2385"]
[BlackElo "2122"]
[WhiteTeam "CUB"]
[BlackTeam "BAN"]
[WhiteClock "0:01:37"]
[BlackClock "0:00:29"]

1. e4 c5 2. Nf3 d6 3. c3 Nf6 4. h3 Nc6 5. Bd3 e6 6. Bc2 Be7 7. O-O O-O 8. Re1 Qc7 9. d4 cxd4 10. cxd4 a6 11. Nc3 b5 12. a3 Bb7 13. e5 dxe5 14. dxe5 Nd7 15. Bg5 Bxg5 16. Nxg5 h6 17. Qd3 g6 18. Nxe6 Ncxe5 19. Nxc7 Nxd3 20. Bxd3 Rad8 21. Be4 Bxe4 22. Nxe4 Kg7 23. Rad1 Nb6 24. Nxa6 Nc4 25. Nc7 Nxb2 26. Rxd8 Nc4 27. Rxf8 1-0

[Event "December 5 Late 2023"]
[Site "https://www.chess.com"]
[Date "2023.12.05"]
[Round "11"]
[White "Golubenko, Valentina"]
[Black "Melikhov, Evgeny V."]
[Result "0-1"]
[Board "90"]
[TimeControl "180+1"]
[WhiteFideId "4501993"]
[BlackFideId "4122046"]
[WhiteElo "2247"]
[BlackElo "2360"]
[WhiteTeam "CRO"]
[BlackTeam "GRE"]
[WhiteClock "0:00:03"]
[BlackClock "0:00:36"]

1. e4 c5 2. Nf3 d6 3. Bc4 e6 4. O-O Nf6 5. Re1 Nc6 6. d4 cxd4 7. Nxd4 Be7 8. Nc3 O-O 9. Be3 a6 10. a3 Qc7 11. Ba2 b5 12. f3 Nxd4 13. Bxd4 Bb7 14. Ne2 Rac8 15. Rc1 Qb8 16. c4 bxc4 17. Bxc4 d5 18. exd5 Nxd5 19. Ng3 Bd6 20. Bf2 Bc5 21. Bxc5 Rxc5 22. Ne4 Rc7 23. Bd3 h6 24. Qe2 Rfc8 25. Rxc7 Qxc7 26. Qf2 a5 27. h3 Qf4 28. Qg3 Qxg3 29. Nxg3 Nf4 30. Be4 Bxe4 31. Rxe4 g5 32. Ne2 Rc2 33. Nxf4 gxf4 34. Rxf4 Rxb2 35. Ra4 Rb5 36. Kf2 e5 37. Ke3 f6 38. Ke4 Kf7 39. g4 Ke6 40. f4 exf4 41. Kxf4 h5 42. g5 fxg5+ 43. Ke4 Kf6 44. Kd4 Rf5 45. Ke3 Ke6 46. Kd3 Rf3+ 47. Ke2 Rxh3 48. Rxa5 Kf6 49. Ra6+ Kf5 50. Ra5+ Kg4 51. Ra4+ Kg3 52. Ra5 g4 53. a4 Rh2+ 54. Ke3 h4 55. Rg5 Ra2 56. a5 h3 57. Rh5 h2 58. Kd3 Kg2 59. Kc3 h1=Q 60. Rxh1 Kxh1 61. Kb4 g3 0-1

[Event "December 5 Late 2023"]
[Site "https://www.chess.com"]
[Date "2023.12.05"]
[Round "11"]
[White "Vila Dupla, Aurelio"]
[Black "Gutkin, Ilya"]
[Result "0-1"]
[Board "91"]
[TimeControl "180+1"]
[WhiteFideId "2203383"]
[BlackFideId "16203470"]
[WhiteElo "2211"]
[BlackElo "2359"]
[WhiteTeam "ESP"]
[BlackTeam "GER"]
[WhiteClock "0:00:00"]
[BlackClock "0:00:21"]

1. Nf3 d5 2. d4 g6 3. g3 Bg7 4. Bg2 Nh6 5. O-O O-O 6. c3 Nf5 7. Qb3 c6 8. Nbd2 Qb6 9. e4 dxe4 10. Nxe4 Be6 11. Qc2 Nd7 12. Bg5 Rfe8 13. Rfe1 Rac8 14. b4 Bd5 15. Nfd2 Nf6 16. Nxf6+ exf6 17. Bf4 Bxg2 18. Kxg2 Qb5 19. a3 Qd5+ 20. Kg1 b5 21. a4 h5 22. Ne4 h4 23. g4 h3 24. gxf5 gxf5 25. f3 fxe4 26. Rxe4 f5 27. Rxe8+ Rxe8 28. Qd3 Re6 29. axb5 cxb5 30. Rxa7 Rg6+ 31. Kf1 Rg2 32. Ra5 Qb3 33. Ra8+ Bf8 34. Bd6 Qb2 35. Rxf8+ Kg7 36. Rxf7+ Kxf7 37. Qxf5+ Kg8 38. Qg6+ Rxg6 0-1

[Event "December 5 Late 2023"]
[Site "https://www.chess.com"]
[Date "2023.12.05"]
[Round "11"]
[White "Curtis, John"]
[Black "Khokhlova, Daria"]
[Result "1/2-1/2"]
[Board "92"]
[TimeControl "180+1"]
[WhiteFideId "3200256"]
[BlackFideId "24182729"]
[WhiteElo "2222"]
[BlackElo "2338"]
[WhiteTeam "AUS"]
[BlackTeam "FID"]
[WhiteClock "0:00:08"]
[BlackClock "0:00:03"]

1. d4 Nf6 2. Nf3 e6 3. g3 c5 4. c3 cxd4 5. cxd4 Nc6 6. Bg2 d5 7. Nc3 Bd6 8. Bg5 O-O 9. O-O h6 10. Bxf6 Qxf6 11. e4 dxe4 12. Nxe4 Qe7 13. Nxd6 Qxd6 14. Qd2 Rd8 15. Rfd1 Ne7 16. Ne5 Nd5 17. Rac1 Bd7 18. b3 Be8 19. Nc4 Qe7 20. Ne3 Bc6 21. Nc4 Nb4 22. a3 Bxg2 23. Qxb4 Qxb4 24. axb4 Bd5 25. Rd3 Rac8 26. Rcc3 a6 27. f3 Rc7 28. Nb6 Rxc3 29. Rxc3 Bc6 30. Rd3 f6 31. Kf2 Kf7 32. Ke3 Bb5 33. Rc3 Bc6 34. Nc4 Ke7 35. Na5 Bd5 36. h4 h5 37. f4 Rd7 38. Rc8 Kf7 39. Nc4 Bc6 40. Nb6 Re7 41. Nc4 Rd7 42. Nb6 Re7 43. Na4 Bd5 44. Rc3 e5 45. dxe5 fxe5 46. fxe5 Rxe5+ 47. Kd4 Rf5 48. Rc5 Ke6 49. Nb6 Bc6 50. Nc4 Rf3 51. Rg5 Kf6 52. Ne5 Rxb3 53. Rg6+ Kf5 54. Rg5+ Kf6 55. Rg6+ Kf5 56. Rg5+ Ke6 57. Rg6+ Kf5 1/2-1/2

[Event "December 5 Late 2023"]
[Site "https://www.chess.com"]
[Date "2023.12.05"]
[Round "11"]
[White "Martine, Jean-Christophe"]
[Black "Rios Escobar, Adan"]
[Result "0-1"]
[Board "95"]
[TimeControl "180+1"]
[WhiteFideId "603651"]
[BlackFideId "3403645"]
[WhiteElo "2173"]
[BlackElo "2417"]
[WhiteTeam "FRA"]
[BlackTeam "CHI"]
[WhiteClock "0:00:45"]
[BlackClock "0:00:10"]

1. d4 Nf6 2. Nd2 g6 3. e4 d6 4. Ngf3 Bg7 5. Bd3 O-O 6. O-O Nc6 7. c3 e5 8. Re1 Nh5 9. Nb3 a5 10. Bg5 f6 11. Be3 a4 12. Nc1 Kh8 13. Ne2 f5 14. exf5 gxf5 15. dxe5 dxe5 16. Bg5 Qd6 17. Bc2 a3 18. b3 Nf6 19. Qc1 Nd5 20. Bh6 Bxh6 21. Qd1 Qe6 22. c4 Ndb4 23. Bb1 Qg6 24. g3 Qg7 25. Nh4 Rd8 26. Nd4 Rxd4 27. Qe2 e4 28. Bc2 Rd2 29. Qh5 Be6 30. Bd1 Nd3 31. Re2 Rxe2 32. Bxe2 Nd4 33. Bxd3 exd3 34. Re1 Ne2+ 35. Kf1 Rd8 36. Rd1 Nc3 37. Ng2 Nxd1 38. Qxd1 d2 39. Ne3 Bxe3 40. fxe3 Qg4 0-1

[Event "December 5 Late 2023"]
[Site "https://www.chess.com"]
[Date "2023.12.05"]
[Round "11"]
[White "Petersson, Kjell"]
[Black "JERO-8914"]
[Result "0-1"]
[Board "96"]
[TimeControl "180+1"]
[WhiteFideId "1705148"]
[WhiteElo "2163"]
[BlackElo "2355"]
[WhiteTeam "SWE"]
[WhiteClock "0:00:34"]
[BlackClock "0:01:14"]

1. d4 d6 2. Bf4 Nf6 3. Nc3 g6 4. e4 Bg7 5. Qd2 h6 6. O-O-O c6 7. f3 Qa5 8. Kb1 b5 9. h4 Nbd7 10. g4 Nb6 11. Nh3 Nc4 12. Qc1 Qb6 13. g5 hxg5 14. hxg5 Nh5 15. Bg2 b4 16. Ne2 a5 17. e5 d5 18. Bd2 a4 19. f4 b3 20. cxb3 Bf5+ 21. Ka1 axb3 22. a3 Rxa3+ 23. bxa3 b2+ 24. Ka2 bxc1=Q 25. Bxc1 Qb1# 0-1

[Event "December 5 Late 2023"]
[Site "https://www.chess.com"]
[Date "2023.12.05"]
[Round "11"]
[White "Cooper, Aaron"]
[Black "Joubert, Dantelle"]
[Result "1-0"]
[Board "97"]
[TimeControl "180+1"]
[WhiteFideId "2634945"]
[BlackFideId "14310813"]
[WhiteElo "2294"]
[BlackElo "2150"]
[WhiteTeam "CAN"]
[BlackTeam "RSA"]
[WhiteClock "0:01:57"]
[BlackClock "0:00:00"]

1. d4 d5 2. Bf4 c5 3. c3 Nc6 4. e3 Qb6 5. Qb3 Nf6 6. Nd2 c4 7. Qc2 Bg4 8. Ngf3 e6 9. b3 cxb3 10. axb3 Be7 11. Bd3 Rc8 12. Qb1 O-O 13. O-O a6 14. Rc1 h6 15. Ne5 1-0

[Event "December 5 Late 2023"]
[Site "https://www.chess.com"]
[Date "2023.12.05"]
[Round "11"]
[White "Clarke, Matthew"]
[Black "Jesusesmifuerza"]
[Result "0-1"]
[Board "98"]
[TimeControl "180+1"]
[WhiteFideId "3227804"]
[WhiteElo "2229"]
[BlackElo "2137"]
[WhiteTeam "AUS"]
[WhiteClock "0:01:39"]
[BlackClock "0:02:41"]

1. c4 c5 2. Nc3 Nf6 3. g3 d5 4. cxd5 Nxd5 5. Bg2 e6 6. Nxd5 exd5 7. d4 c4 8. e4 dxe4 9. Bxe4 Bb4+ 10. Kf1 O-O 11. Kg2 Re8 12. f3 f5 13. Bc2 Re1 0-1

[Event "December 5 Late 2023"]
[Site "https://www.chess.com"]
[Date "2023.12.05"]
[Round "11"]
[White "Mangialardo, Tiago Carvalho"]
[Black "Floresvillar Gonzalez, Luis Migu"]
[Result "0-1"]
[Board "99"]
[TimeControl "180+1"]
[WhiteFideId "2130718"]
[BlackFideId "5100542"]
[WhiteElo "2109"]
[BlackElo "2206"]
[WhiteTeam "BRA"]
[BlackTeam "MEX"]
[WhiteClock "0:00:00"]
[BlackClock "0:01:03"]

1. e4 c6 2. c4 d5 3. exd5 cxd5 4. cxd5 Nf6 5. Bb5+ Nbd7 6. d6 e6 7. Nf3 Bxd6 8. O-O O-O 9. d4 a6 10. Bd3 b5 11. Bg5 Bb7 12. Nbd2 Rc8 13. Ne4 Be7 14. Nxf6+ Bxf6 15. Bxf6 Nxf6 16. Ne5 g6 17. Be2 Kg7 18. Qd2 Qd6 19. Rfd1 Rfd8 20. Qf4 Rc7 21. Bf3 Bxf3 22. Qxf3 Qd5 23. Qf4 Nh5 24. Qh4 f6 25. Nf3 Qf5 26. Rac1 Rdd7 27. Nd2 Rxc1 28. Rxc1 Nf4 29. Re1 g5 30. Qg3 Rxd4 31. Nf3 Re4 32. Rf1 Ne2+ 0-1

[Event "December 5 Late 2023"]
[Site "https://www.chess.com"]
[Date "2023.12.05"]
[Round "11"]
[White "Einarsson, Halldor Gretar"]
[Black "Negron Lizarazo, Juan Sebastian"]
[Result "0-1"]
[Board "100"]
[TimeControl "180+1"]
[WhiteFideId "2300150"]
[BlackFideId "3936910"]
[WhiteElo "2200"]
[BlackElo "2104"]
[WhiteTeam "ISL"]
[BlackTeam "COL"]
[WhiteClock "0:00:00"]
[BlackClock "0:00:12"]

1. d4 Nf6 2. c4 g6 3. f3 c6 4. e4 d5 5. Nc3 dxc4 6. Bxc4 b5 7. Bb3 Bg7 8. Be3 O-O 9. Nge2 Bb7 10. O-O Nbd7 11. a4 a6 12. Qd2 Rc8 13. Rfd1 Qb6 14. a5 Qa7 15. Ba2 Rfd8 16. Qe1 e5 17. Qf2 exd4 18. Nxd4 Qb8 19. h3 Nh5 20. Nde2 Ne5 21. g4 Nf6 22. Bf4 Nfd7 23. Qg3 Qa7+ 24. Kh2 h6 25. Rd6 g5 26. Bc1 Bf8 27. Rd1 Nc5 28. Nd4 Bg7 29. Be3 Ncd3 30. Nf5 Nxb2 31. Bxa7 Nxd1 0-1

[Event "December 5 Late 2023"]
[Site "https://www.chess.com"]
[Date "2023.12.05"]
[Round "11"]
[White "Dmitriev, Sergey"]
[Black "Duncan, Chris R"]
[Result "1-0"]
[Board "101"]
[TimeControl "180+1"]
[WhiteFideId "14101785"]
[BlackFideId "403091"]
[WhiteElo "1999"]
[BlackElo "2178"]
[WhiteTeam "UKR"]
[BlackTeam "ENG"]
[WhiteClock "0:00:08"]
[BlackClock "0:00:02"]

1. e4 e6 2. Nf3 d5 3. exd5 exd5 4. d4 c6 5. Bd3 Bg4 6. h3 Bh5 7. O-O Qc7 8. Re1+ Ne7 9. Bg5 h6 10. Bh4 Nd7 11. Bg3 Qd8 12. Nbd2 Qb6 13. Qe2 O-O-O 14. b3 f5 15. Qe6 c5 16. dxc5 Qxe6 17. Rxe6 Nxc5 18. Ree1 Ne4 19. Rad1 g5 20. Be5 Rg8 21. Nxe4 dxe4 22. Bc4 Rxd1 23. Be6+ Rd7 24. Bxg8 Nxg8 25. Nd4 Bc5 26. Nxf5 Ne7 27. Nxh6 Ng6 28. Bc3 e3 29. fxe3 Re7 30. Nf5 Re6 31. Ng3 Bf3 32. gxf3 Rxe3 33. Rxe3 Bxe3+ 34. Kg2 Nf4+ 35. Kh2 Bf2 36. Ne4 Be3 37. Bf6 Nd5 38. Bxg5 Bd4 39. Bd2 Kd7 40. c4 Nc7 41. Ng5 Ke7 42. Ne4 Ke6 43. Bf4 Ne8 44. Ng5+ Kf5 45. Kg3 Be5 46. Bxe5 Kxg5 47. Bb8 Nf6 48. Bxa7 Nh5+ 49. Kf2 Kf4 50. Be3+ Kf5 51. Bd4 Nf6 52. Bxf6 Kxf6 53. Kg3 Kf5 54. Kh4 Kg6 55. Kg4 Kf6 56. h4 1-0

[Event "December 5 Late 2023"]
[Site "https://www.chess.com"]
[Date "2023.12.05"]
[Round "11"]
[White "Winkels, Marcel"]
[Black "th3d4rkness"]
[Result "0-1"]
[Board "103"]
[TimeControl "180+1"]
[WhiteFideId "1003887"]
[WhiteElo "2001"]
[BlackElo "2135"]
[WhiteTeam "NED"]
[WhiteClock "0:00:00"]
[BlackClock "0:00:06"]

1. e4 c5 2. Nf3 Nc6 3. d4 cxd4 4. Nxd4 Nf6 5. Nc3 e5 6. Ndb5 d6 7. Bg5 a6 8. Na3 b5 9. Nab1 Be6 10. a4 b4 11. Nd5 Bxd5 12. exd5 Ne7 13. Bxf6 gxf6 14. Be2 Bg7 15. O-O O-O 16. Nd2 f5 17. a5 Qc7 18. Nc4 Rfd8 19. Nb6 Ra7 20. Qd2 Qc5 21. Rfd1 e4 22. c3 bxc3 23. Qg5 cxb2 24. Rab1 Qc2 25. Bc4 Re8 26. h4 h6 27. Qg3 Rd8 28. Qf4 Kh7 29. Qd2 Qxd2 30. Rxd2 Ng6 31. h5 Ne5 32. Bf1 Nd7 33. Nc4 Nc5 34. Rc2 Rb7 35. Nxd6 Rxd6 36. Rxc5 Rb3 37. Rc2 Rxd5 38. Bc4 Rc5 39. Bxb3 Rxa5 40. Bc4 Ra1 41. Kh2 Rxb1 42. Ba2 Ra1 43. Bxf7 b1=Q 44. Bg6+ Kg8 45. Rc8+ Bf8 0-1